 Dungeon Crawl Stone Soup version 0.19-a0-32-gbfd796a (webtiles) character file.

46614 inmateoo the Alchemist (level 14, -11/59 HPs)
             Began as a Felid Fighter on May 2, 2016.
             Was the Champion of Makhleb.
             Mangled by a naga
             ... wielding a +0 halberd of chopping
              (17 damage)
             ... on level 3 of the Snake Pit.
             The game lasted 01:19:23 (33714 turns).

inmateoo the Alchemist (Felid Fighter)             Turns: 33714, Time: 01:19:24

Health: -11/59     AC:  5    Str: 14    XL:     14   Next: 5%
Magic:  0/32       EV: 23    Int: 13    God:    Makhleb [******]
Gold:   1511       SH:  0    Dex: 15    Spells: 6 memorised, 14 levels left
                                        Lives:  0   Deaths: 4

rFire  . . .     SeeInvis +       - Unarmed
rCold  + . .     Gourm    .     (armour unavailable)
rNeg   . . .     Faith    .     (shield unavailable)
rPois  +         Spirit   +     (helmet unavailable)
rElec  .         Dismiss  .     (cloak unavailable)
rCorr  .         Reflect  .     (gloves unavailable)
SustAt .         Harm     .     (boots unavailable)
MR     +++..                    s - amulet of guardian spirit
Stlth  ++++++....               F - ring of wizardry
                                W - ring "Xutuw" {rPois MR+}

@: about to teleport, constricted, quick, extremely resistant to hostile
enchantments, very stealthy
A: no armour, no weapons or thrown items, claws 1, fangs 3, horns 1, thin
metallic scales 1, see invisible, carnivore 3, clumsy 1, speed 1, frail 1,
shaggy fur 3, slow metabolism 1, sharp paws
a: Minor Destruction, Lesser Servant of Makhleb, Major Destruction, Greater
Servant of Makhleb, Renounce Religion


You were on level 3 of the Snake Pit.
You worshipped Makhleb.
Makhleb was exalted by your worship.
You were not hungry.

You visited 5 branches of the dungeon, and saw 29 of its levels.
You also visited: Labyrinth, Bailey, Ice Cave and Volcano.

You collected 2836 gold pieces.
You spent 1319 gold pieces at shops.

Inventory:

Jewellery
 s - an amulet of guardian spirit (around neck)
 w - the ring "Kenun" {rF+ rN+ Str+2}
   (You found it on level 6 of the Dungeon)

   [ring of positive energy]

   It affects your strength (+2).
   It protects you from fire.
   It protects you from negative energy.
 z - an uncursed amulet of regeneration
 F - a ring of wizardry (right paw)
 G - an uncursed ring of flight
 O - an uncursed ring of ice
 W - the ring "Xutuw" (left paw) {rPois MR+}
   (You found it in a labyrinth)

   [ring of protection from magic]

   It protects you from poison.
   It affects your resistance to hostile enchantments.
Wands
 n - a wand of teleportation (4/9)
 o - a wand of acid (0/15)
 x - a wand of digging (6/24)
 y - a wand of teleportation (2/9)
 B - a wand of teleportation (3/9)
 C - a wand of heal wounds (0/9)
 D - a wand of confusion (39/48)
 K - a wand of hasting (2/9)
 L - a wand of teleportation (3/9)
 N - a wand of confusion (25/48)
 Q - a wand of confusion (1/48)
 R - a wand of iceblast (9/15)
 U - a wand of random effects (26/48)
 V - a wand of polymorph (6/24)
 Y - a wand of flame (7/48)
 Z - a wand of iceblast (10/15)
Scrolls
 a - 8 scrolls of teleportation
 d - 12 scrolls of remove curse
 k - 6 scrolls of amnesia
 l - 8 scrolls of identify
 t - a scroll of magic mapping
 v - 2 scrolls of holy word
 H - 2 scrolls of recharging
 I - 2 scrolls of fog
Potions
 e - 3 potions of brilliance
 g - 3 potions of agility
 h - 9 potions of curing
 q - 4 potions of flight
 r - 2 potions of might
 u - a potion of invisibility
 A - 4 potions of cancellation
 E - 2 potions of berserk rage
 J - 4 potions of resistance
 M - a potion of ambrosia
 X - a potion of cure mutation
Miscellaneous
 c - a phial of floods
 f - a box of beasts
 i - a phantom mirror
 m - a stone of tremors
 p - a plain deck of defence {drawn: 7}
 T - a sack of spiders
Comestibles
 b - 13 meat rations
 j - 10 beef jerkies


   Skills:
 + Level 10.4 Fighting
 + Level 12.0 Dodging
 - Level 10.4 Stealth
 * Level 14.0 Unarmed Combat
 * Level 13.4 Spellcasting
 * Level 15.4 Transmutations
 + Level 10.0 Evocations


You had 14 spell levels left.
You knew the following spells:

 Your Spells              Type           Power        Failure   Level  Hunger
a - Ozocubu's Armour      Chrm/Ice       #.......     12%         3    None
b - Dragon Form           Trmt           #####.....   6%          7    #######
c - Irradiate             Conj/Trmt      ####......   4%          5    #####..
d - Mephitic Cloud        Conj/Pois/Air  #.......     12%         3    None
e - Regeneration          Chrm/Necr      #.........   12%         3    None
f - Animate Dead          Necr           N/A          52%         4    ###....


Dungeon Overview and Level Annotations

Branches:
Dungeon (15/15)            Temple (1/1) D:5            Lair (8/8) D:9
 Shoals (0/4) Lair:6        Snake (3/4) Lair:6        Slime (0/6) Lair:8
    Orc (2/2) D:10            Elf (0/3) Orc:2        Vaults (0/5) D:14
 Depths: D:15

Altars:
Ashenzari
Cheibriados
Dithmenos
Elyvilon
Fedhas
Gozag
Kikubaaqudgha
Makhleb
Nemelex Xobeh
Okawaru
Pakellas
Qazlal
Ru
Sif Muna
Trog
Vehumet
Xom
Yredelemnul
Zin
The Shining One

Shops:
D:3 *   D:8 [[   D:14 *   Orc:2 *%[*

Portals:
Trove: D:11 (give 4 potions of resistance)

Annotations:
D:5 Menkaure
D:14 exclusion: ice statue
Snake:2 Vashnia


Innate Abilities, Weirdness & Mutations

You cannot wear armour.
You are incapable of wielding weapons or throwing items.
You have sharp claws.
You have razor-sharp teeth.
You have supernaturally acute eyesight.
You are carnivorous and can eat meat at any time.
You cover ground quickly.
Your thick and shaggy fur keeps you warm (AC +3, rC+).
You have a slow metabolism.
Your sharp claws are effective at attacking unaware monsters.
You have a pair of small horns on your head.
You are partially covered in thin metallic scales (AC +2).
You are clumsy. (Dex -2)
You are frail (-10% HP).


Message History

The naga warrior constricts you. The naga completely misses you.
The naga mage completely misses you.
Unknown command.
Unknown command.
Unknown command.
Unknown command.
Drink which item? (? for menu, Esc to quit)
You feel better. The naga warrior closely misses you.
The naga mage casts a spell at you. The poison arrow misses you.
The poison arrow hits the naga.
The naga partially resists.
The naga is poisoned.
The naga sharpshooter casts a spell.
The naga sharpshooter magically shoots an arrow.
The arrow hits you!
* * * LOW HITPOINT WARNING * * *
The naga completely misses you.
The salamander mystic casts a spell at the naga warrior.
The naga warrior seems to speed up.
The naga hits you with a halberd of chopping!!
You die...

).# #.. #..#
##..#
#..N.##
#....ยง###
..#....NN.##
........SNN#
.....N..N@N#
........NNN#
.......##.S#
.......
##..#
....... ...#
#......
##..#
##...## ..[.
#... ....


You could see 2 naga warriors, a naga sharpshooter, a salamander mystic, 2
guardian serpents, 2 naga magi and 5 nagas.

Vanquished Creatures
  Kirke (D:12)
  A greater naga (Snake:2)
  A storm dragon (D:12)
  3 ettins
  A minotaur (Lab)
  A fire dragon (Lair:8)
  A vault guard (D:14)
  Josephine (Lair:7)
  7 naga warriors
  Fannar (D:12)
  An ice dragon (Lair:8)
  2 hydras
  5 anacondas
  Erica (D:11)
  2 centaur warriors
  A catoblepas (Lair:7)
  A deep troll earth mage (D:12)
  3 tengu warriors
  14 death yaks
  Urug (D:15)
  3 orc high priests (Orc:2)
  3 shock serpents
  13 naga sharpshooters (Snake:2)
  An unseen horror (D:13)
  3 naga ritualists
  A deep troll (D:15)
  3 hill giants
  5 orc knights
  2 lindwurms (Lair:8)
  6 griffons
  2 mana vipers
  6 cyclopes
  4 orc sorcerers (Orc:2)
  8 ugly things
  4 salamanders
  2 manticores
  Psyche (D:11)
  2 centaur zombies
  10 elephants
  24 black mambas
  5 naga magi
  A molten gargoyle (Volcano)
  6 torpor snails (Lair:8)
  4 guardian serpents
  An ice statue (D:14)
  13 spiny frogs
  Maurice (D:13)
  A gargoyle (Volcano)
  A kobold demonologist (D:14)
  A freezing wraith (D:14)
  7 komodo dragons
  A tengu conjurer (D:15)
  7 rime drakes
  5 polar bears
  6 trolls
  2 two-headed ogres
  12 blink frogs
  4 giant leeches (Lair:8)
  A boulder beetle (Lair:6)
  A hornet zombie (D:14)
  2 shadows (D:15)
  A spriggan (D:7)
  A centaur simulacrum (D:14)
  A vampire (D:15)
  31 yaks
  5 wraiths
  2 wyverns
  2 fire elementals (Volcano)
  3 basilisks
  2 steam dragons (Lair:8)
  14 hippogriffs
  A hungry ghost (D:13)
  4 vampire mosquitoes (D:15)
  2 mottled dragons (Lair:8)
  29 nagas
  2 wargs
  11 water moccasins
  8 porcupines
  2 swamp drakes (Lair:8)
  19 orc warriors
  2 sky beasts (D:10)
  11 ice beasts
  A black bear (Lair:4)
  4 phantoms
  4 wasps (Lair:8)
  8 ogres
  15 wolves
  9 centaurs
  12 crocodiles
  5 big kobolds
  21 giant frogs
  2 wyvern zombies
  8 gnoll sergeants
  A water moccasin zombie (D:8)
  2 scorpions
  9 killer bees
  9 wights
  2 electric eels
  3 crimson imps
  The ghost of M4edhros the Grave Robber, a weakling OpNe (D:3)
  5 howler monkeys
  A wasp zombie (D:6)
  9 hounds
  11 orc priests
  21 jellies
  16 orc wizards
  6 gnoll shamans (Bailey)
  5 centaur skeletons
  7 iguanas
  6 hell rats (Lair:4)
  6 worker ants
  A killer bee zombie (D:10)
  53 sheep
  A hound skeleton (D:5)
  A howler monkey zombie (D:9)
  2 worker ant zombies
  29 gnolls
  8 adders
  41 river rats
  5 shadow imps
  2 oozes
  2 adder skeletons
  18 worms
  2 dart slugs
  6 giant geckos
  67 orcs
  4 giant cockroaches
  14 goblins
  5 hobgoblins
  5 quokkas
  12 bats
  5 giant newts
  23 kobolds
  A quokka skeleton (D:9)
  A quokka zombie (D:5)
  7 rats
  A butterfly (Lair:4)
  3 fungi
915 creatures vanquished.

Vanquished Creatures (collateral kills)
  2 hydras
  4 death yaks
  The ghost of Blackbelt the Basher, a novice DsCK of Xom (D:8)
  A hill giant (D:9)
  A spiny frog (Lair:5)
  A two-headed ogre (D:14)
  4 yaks (Lair:5)
  A hippogriff (D:9)
  A worker ant (D:9)
  A sheep (Lair:8)
17 creatures vanquished.

Vanquished Creatures (others)
  6 humans (D:12)
  2 worker ants
  An adder (D:12)
  An orc (Orc:2)
  30 fungi
  30 plants
70 creatures vanquished.

Grand Total: 1002 creatures vanquished

Notes
Turn   | Place    | Note
--------------------------------------------------------------
     0 | D:1      | inmateoo the Felid Fighter began the quest for the Orb.
     0 | D:1      | Reached XP level 1. HP: 10/10 MP: 2/2
   109 | D:1      | Reached skill level 1 in Stealth
   153 | D:1      | Reached XP level 2. HP: 14/14 MP: 3/3
   604 | D:1      | Reached XP level 3. HP: 17/17 MP: 4/4
  1158 | D:2      | Found an ancient bone altar of Kikubaaqudgha.
  1326 | D:2      | Reached XP level 4. HP: 11/21 MP: 5/5
  1576 | D:2      | Found an opulent altar of Gozag.
  1577 | D:2      | Found a white marble altar of Elyvilon.
  2504 | D:3      | Found an iron altar of Okawaru.
  2533 | D:3      | Reached XP level 5. HP: 13/24 MP: 6/6
  2683 | D:3      | Noticed M4edhros's ghost (weakling OpNe)
  2795 | D:3      | Found Zin's Purification Station.
  2798 | D:3      | Found a glowing silver altar of Zin.
  3213 | D:3      | Killed M4edhros's ghost
  3213 | D:3      | Reached skill level 5 in Unarmed Combat
  3320 | D:3      | Found a glowing golden altar of the Shining One.
  3629 | D:4      | Reached skill level 5 in Dodging
  4069 | D:4      | Found a sparkling altar of Nemelex Xobeh.
  4071 | D:4      | Found a shimmering altar of Xom.
  4355 | D:4      | Gained mutation: You are covered in thick fur (AC +2). [Felid growth]
  4355 | D:4      | Reached XP level 6. HP: 28/28 MP: 7/7
  4413 | D:5      | Entered Level 5 of the Dungeon
  4481 | D:5      | Found a staircase to the Ecumenical Temple.
  4489 | Temple   | Entered the Ecumenical Temple
  4528 | Temple   | Became a worshipper of Makhleb the Destroyer
  4905 | D:5      | Reached skill level 5 in Stealth
  5095 | D:5      | Reached skill level 1 in Evocations
  5396 | D:5      | HP: 1/28 [ogre/giant spiked club (27)]
  5401 | D:5      | Noticed Menkaure
  5776 | D:5      | Reached XP level 7. HP: 32/32 MP: 8/8
  5965 | D:6      | Found a basalt altar of Yredelemnul.
  5982 | D:6      | Found a shattered altar of Ashenzari.
  6244 | D:6      | Got an ancient iron ring
  6245 | D:6      | Identified the ring "Kenun" {rF+ rN+ Str+2} (You found it on level 6 of the Dungeon)
  6278 | D:6      | Reached * piety under Makhleb
  6724 | D:7      | Noticed a spriggan baker
  6725 | D:7      | Killed a spriggan baker
  6725 | D:7      | Reached XP level 8. HP: 36/36 MP: 10/10
  6939 | D:7      | Reached skill level 5 in Fighting
  7236 | D:8      | Found Otisogg's Armour Shop.
  7240 | D:8      | Noticed Blackbelt's ghost (novice DsCK)
  7465 | D:8      | Reached skill level 1 in Spellcasting
  7491 | D:8      | Found a flagged portal.
  7529 | Bailey   | Entered a bailey
  7655 | Bailey   | Learned a level 3 spell: Ozocubu's Armour
  7669 | Bailey   | Reached ** piety under Makhleb
  7843 | Bailey   | Reached XP level 9. HP: 28/40 MP: 8/12
  8593 | D:8      | Found an oddly glowing altar of Pakellas.
  8620 | D:8      | Found a deep blue altar of Sif Muna.
  8649 | D:8      | Reached *** piety under Makhleb
  8707 | D:8      | Found Duemyrgh's Antique Armour Emporium.
  8827 | D:8      | Killed Blackbelt's ghost
  9174 | D:9      | Found a shadowy altar of Dithmenos.
  9186 | D:9      | Gained mutation: Your spells are a little harder to cast, but a little more powerful. [potion of mutation]
  9186 | D:9      | Gained mutation: You are partially covered in thin metallic scales (AC +2). [potion of mutation]
  9186 | D:9      | Gained mutation: Your body sometimes deteriorates upon taking damage. [potion of mutation]
  9257 | D:9      | Reached skill level 10 in Stealth
  9329 | D:9      | Noticed a troll
  9336 | D:9      | Killed a troll
  9381 | D:9      | Noticed a hill giant
  9399 | D:9      | Killed a hill giant
  9399 | D:9      | Reached XP level 10. HP: 34/46 MP: 12/15
  9533 | D:9      | Reached **** piety under Makhleb
  9766 | D:9      | Learned a level 7 spell: Dragon Form
  9787 | D:9      | Found a staircase to the Lair.
 10077 | D:9      | Reached skill level 5 in Evocations
 10218 | D:10     | Entered Level 10 of the Dungeon
 10224 | D:10     | Reached skill level 1 in Transmutations
 10281 | D:10     | Noticed a hill giant
 10290 | D:10     | Killed a hill giant
 10290 | D:10     | Reached skill level 2 in Transmutations
 10585 | D:10     | Reached ***** piety under Makhleb
 10674 | D:10     | Reached skill level 3 in Transmutations
 10776 | D:10     | Gained mutation: You evolve. [mutagenic meat]
 10961 | D:10     | Found a staircase to the Orcish Mines.
 11097 | D:11     | Noticed Erica
 11104 | D:11     | Killed Erica
 11104 | D:11     | Reached XP level 11. HP: 50/50 MP: 17/19
 11137 | D:11     | Noticed Psyche
 11148 | D:11     | Killed Psyche
 11148 | D:11     | Reached skill level 4 in Transmutations
 11212 | D:11     | Noticed a white ugly thing
 11213 | D:11     | Lost mutation: Your body sometimes deteriorates upon taking damage. [evolution]
 11219 | D:11     | Killed a white ugly thing
 11219 | D:11     | Reached skill level 10 in Unarmed Combat
 11219 | D:11     | Reached skill level 5 in Spellcasting
 11254 | D:11     | Found a portal to a secret trove of treasure.
 11867 | D:12     | Noticed Kirke
 11886 | D:12     | Killed Kirke
 12039 | D:12     | Reached skill level 5 in Transmutations
 12185 | D:12     | Noticed Fannar
 12197 | D:12     | Killed Fannar
 12413 | D:12     | Noticed a hill giant
 12415 | D:12     | Noticed a deep troll earth mage
 12417 | D:12     | Noticed a tengu warrior
 12423 | D:12     | Noticed a tengu warrior
 12556 | D:13     | Found a labyrinth entrance.
 12572 | Lab      | Entered a labyrinth
 12829 | Lab      | Noticed a minotaur
 12845 | Lab      | Killed a minotaur
 12865 | Lab      | Got a vibrating amber ring
 12866 | Lab      | Identified the ring "Xutuw" {rPois MR+} (You found it in a labyrinth)
 12946 | D:13     | Noticed a hill giant
 12966 | D:13     | Killed a hill giant
 12966 | D:13     | Reached skill level 10 in Dodging
 12966 | D:13     | Reached skill level 6 in Transmutations
 13294 | D:13     | Noticed Maurice
 13295 | D:13     | Killed Maurice
 13506 | D:13     | Reached ****** piety under Makhleb
 13742 | D:13     | Lost mutation: Your spells are a little harder to cast, but a little more powerful. [evolution]
 13770 | D:14     | Gained mutation: Your thick and shaggy fur keeps you warm (AC +3, rC+). [Felid growth]
 13770 | D:14     | Reached XP level 12. HP: 55/55 MP: 22/22
 13910 | D:14     | Found a frozen archway.
 13999 | D:14     | Found Ikloaj's General Store.
 14007 | D:14     | Bought a scroll of recharging for 123 gold pieces
 14007 | D:14     | Bought a scroll of fog for 26 gold pieces
 14439 | IceCv    | Entered an ice cave
 14654 | D:14     | Noticed a five-headed hydra
 14663 | D:14     | Noticed a four-headed hydra
 14680 | D:14     | Killed a five-headed hydra
 14684 | D:14     | Killed a four-headed hydra
 14684 | D:14     | Reached skill level 7 in Transmutations
 15203 | D:13     | Gained mutation: Your flesh is cold resistant. [mutagenic meat]
 15603 | D:14     | Noticed a centaur warrior
 15762 | D:14     | Found a gate to the Vaults.
 15762 | D:14     | Noticed a vault guard
 15764 | D:14     | Killed a vault guard
 15812 | D:14     | Killed a centaur warrior
 15812 | D:14     | Reached skill level 8 in Transmutations
 15971 | D:15     | Entered Level 15 of the Dungeon
 16179 | D:15     | Noticed a tengu warrior
 16224 | D:15     | Noticed a tengu warrior
 16244 | D:15     | Killed a tengu warrior
 16330 | D:15     | Noticed Urug
 16367 | D:15     | Killed Urug
 16367 | D:15     | Reached XP level 13. HP: 53/59 MP: 21/26
 16428 | D:15     | Learned a level 5 spell: Irradiate
 16504 | D:15     | Noticed an ettin
 16542 | D:15     | Killed an ettin
 16657 | D:15     | Lost mutation: Your flesh is cold resistant. [evolution]
 16699 | D:15     | Gained mutation: You are clumsy. (Dex -2) [mutagenic meat]
 16700 | D:15     | Gained mutation: You are frail (-10% HP). [mutagenic meat]
 16701 | D:15     | Gained mutation: You are very clumsy. (Dex -4) [mutagenic meat]
 16702 | D:15     | Gained mutation: You possess an exceptional clarity of mind. [mutagenic meat]
 16755 | D:15     | HP: 1/54 [deep elf archer/arrow (14)]
 17382 | D:12     | Noticed an ettin
 17382 | D:12     | Noticed an ettin
 17384 | D:12     | Noticed a storm dragon
 17483 | D:12     | Killed an ettin
 17622 | D:12     | Reached skill level 9 in Transmutations
 17628 | D:12     | Killed an ettin
 17668 | D:12     | Slain by a storm dragon
 17669 | D:12     | Reached XP level 12. HP: -3/51 MP: 0/25
 17712 | D:12     | Killed a storm dragon
 17928 | D:12     | Killed a tengu warrior
 18127 | D:12     | Identified a scroll of acquirement
 18135 | D:12     | Lost mutation: You possess an exceptional clarity of mind. [potion of cure mutation]
 18135 | D:12     | Lost mutation: You are frail (-10% HP). [potion of cure mutation]
 18135 | D:12     | Lost mutation: You evolve. [potion of cure mutation]
 18135 | D:12     | Lost mutation: You are very clumsy. (Dex -4) [potion of cure mutation]
 18257 | Lair:1   | Entered Level 1 of the Lair of Beasts
 20218 | Lair:3   | Reached XP level 13. HP: 60/60 MP: 26/26
 20691 | Lair:3   | Reached skill level 10 in Transmutations
 20718 | Lair:3   | You fall through a shaft for 2 floors!
 21178 | Lair:7   | Noticed Josephine
 21587 | Lair:7   | Found a dark tunnel.
 21595 | Volcano  | Entered a volcano
 22064 | Lair:6   | Found a staircase to the Shoals.
 22080 | Lair:6   | Found a staircase to the Snake Pit.
 22279 | Lair:6   | Learned a level 3 spell: Mephitic Cloud
 22773 | Lair:6   | Reached skill level 11 in Transmutations
 23402 | Lair:5   | Reached skill level 10 in Fighting
 23423 | Lair:5   | Reached skill level 10 in Spellcasting
 23432 | Lair:5   | Reached XP level 14. HP: 53/66 MP: 6/29
 24537 | Lair:4   | Learned a level 3 spell: Regeneration
 24542 | Lair:4   | Learned a level 4 spell: Animate Dead
 24940 | Lair:7   | Killed Josephine
 25083 | Lair:7   | Slain by a death yak
 25084 | Lair:7   | Reached XP level 13. HP: -2/61 MP: 0/28
 25419 | Lair:8   | Entered Level 8 of the Lair of Beasts
 26575 | Lair:8   | Found a runed door.
 26583 | Lair:8   | Reached skill level 12 in Transmutations
 27246 | Lair:8   | Reached skill level 10 in Evocations
 27283 | Lair:8   | Reached XP level 14. HP: 66/66 MP: 17/29
 27311 | Lair:8   | Found a staircase to the Slime Pits.
 28596 | Orc:1    | Entered Level 1 of the Orcish Mines
 29346 | Orc:2    | Entered Level 2 of the Orcish Mines
 29408 | Orc:2    | Reached skill level 13 in Transmutations
 29762 | Orc:2    | Found a staircase to the Elven Halls.
 30124 | Orc:2    | Found Ifosk's Assorted Antiques.
 30124 | Orc:2    | Found Vivoq's Assorted Antiques.
 30130 | Orc:2    | Found Nuuptunk's Food Shoppe.
 30130 | Orc:2    | Found Nionkij's Armour Boutique.
 30136 | Orc:2    | Bought a potion of curing for 111 gold pieces
 30136 | Orc:2    | Bought a scroll of identify for 74 gold pieces
 30136 | Orc:2    | Bought a scroll of magic mapping for 129 gold pieces
 30136 | Orc:2    | Bought a potion of curing for 111 gold pieces
 30136 | Orc:2    | Bought a scroll labeled HEP HYFEILOU for 37 gold pieces
 30141 | Orc:2    | Bought a scroll labeled BUC FOSAMUIH for 24 gold pieces
 30141 | Orc:2    | Bought a sack of spiders for 480 gold pieces
 30141 | Orc:2    | Bought a potion of agility for 96 gold pieces
 30141 | Orc:2    | Bought a wand of confusion for 36 gold pieces
 30141 | Orc:2    | Bought a potion of curing for 72 gold pieces
 30771 | Snake:1  | Entered Level 1 of the Snake Pit
 30847 | Snake:1  | Reached skill level 14 in Transmutations
 30868 | Snake:1  | Gained mutation: You are frail (-10% HP). [mutagenic meat]
 31075 | Snake:1  | Reached XP level 15. HP: 63/63 MP: 26/32
 31092 | Snake:1  | Gained mutation: You have a pair of small horns on your head. [mutagenic meat]
 31368 | Snake:2  | Noticed Vashnia
 31618 | Snake:2  | Noticed a greater naga
 31632 | Snake:2  | Killed a greater naga
 32194 | Snake:2  | HP: 1/94 [anaconda (7)]
 32194 | Snake:2  | Killed from afar by a naga sharpshooter
 32195 | Snake:2  | Reached XP level 14. HP: -1/88 MP: 0/31
 32208 | Snake:2  | HP: 3/88 [shock serpent/electric aura (2)]
 32208 | Snake:2  | Slain by a shock serpent
 32209 | Snake:2  | Reached XP level 13. HP: -2/82 MP: 0/30
 32386 | Snake:2  | HP: 2/82 [naga sharpshooter/bolt[Vashnia] (14)]
 32636 | Snake:2  | Reached skill level 15 in Transmutations
 33459 | Snake:2  | Reached XP level 14. HP: 59/59 MP: 28/32
 33535 | Snake:2  | Noticed a greater naga
 33708 | Snake:2  | You fall through a shaft!
 33714 | Snake:3  | Mangled by a naga

Vault maps used:
D:1:      dpeg_arrival_fog, monster_avoids_cloud
D:2:      nicolae_overflow_hidden_temple, interstate_on_off
D:3:      okawaru_gym_becter, zin_purify, tso_altar
D:4:      grunt_temple_overflow_open
D:5:      minmay_temple_entry_junction2, first_bread, uniq_menkaure
D:6:      ashenzari_conservatory_becter, yredelemnul_altar_generic
D:7:      the_bakery, kennysheep_generic_room_13
D:8:      kennysheep_mini_moat, lemuel_blue_sif_altar, enter_bailey_3,
          serial_shops, shop, shop, serial_bayou_lagoon_a
D:9:      nicolae_dithmenos_the_darkroom, lair_0_dummy
D:10:     hiddenorc1_lemuel
D:11:     nicolae_trove_entry_columns, st_stairs_9, uniq_psyche, uniq_erica
D:12:     minmay_octo_star, uniq_fannar, uniq_kirke
D:13:     lab_entry_generic, minmay_misc_feat_chi, uniq_maurice
D:14:     david_vaults_5, portal_ice_cave_entry_ice_statue_02, serial_shops,
          nicolae_shop_crystal, dk_noncrumbling_4, spider_trap,
          lightli_fourway_metalbox
D:15:     hangedman_depths_entry_civil_slaughter, minmay_misc_feat_x, uniq_urug
Temple:   temple_island_7
Lair:1:   serial_bayou_crossing, grunt_megastairs_4, serial_bayou_shore_b
Lair:4:   minmay_hedge_maze, lemuel_fruit_fields
Lair:5:   grunt_megastairs_3
Lair:6:   minmay_shoals_entry_beasts, guppyfry_snake_entry_island,
          beast_lair_carwin_6
Lair:7:   enter_volcano_2, uniq_josephine
Lair:8:   guppyfry_lair_end_dragon, wormcave, minmay_slime_entry_jelly_boxes
Snake:1:  st_stairs_4, lemuel_fruit_tree
Snake:2:  nicolae_snake_squiggles, uniq_vashnia
Snake:3:  nicolae_snake_salamander_stairs, serial_bayou_shore_a
Orc:1:    nicolae_orc_accident_1
Orc:2:    grunt_orc_tribal_feast
Lab:      labyrinth_mini_lab, labyrinth_skeletal_remains,
          nicolae_lab_checkerboard
Bailey:   bailey_polearm_gnolls_kennysheep, bailey
IceCv:    ice_cave_statue_garden_02
Volcano:  volcano_overflow

Skill      XL: |  1  2  3  4  5  6  7  8  9 10 11 12 13 14 |
---------------+-------------------------------------------+-----
Stealth        | 1 2 4 5 7 8 10 | 10.4
Unarmed Combat | 5 6 7 8 9 10 11 14 | 14.0
Dodging        | 5 6 7 8 9 10 12 | 12.0
Fighting       | 4 5 6 7 8 10 | 10.4
Evocations     | 1 2 3 4 5 6 7 10 | 10.0
Spellcasting   | 1 3 4 6 8 13 12 | 13.4
Transmutations | 3 6 8 15 14 | 15.4

Action                   |  1- 3 |  4- 6 |  7- 9 | 10-12 | 13-15 || total
-------------------------+-------+-------+-------+-------+-------++-------
Melee: Unarmed           |   116 |   172 |   252 |  1043 |  1881 ||  3464
       Bite              |    10 |    13 |    30 |   145 |   214 ||   412
       Punch             |       |     2 |     9 |    56 |   133 ||   200
       Tailslap          |       |       |       |       |    46 ||    46
       Headbutt          |       |       |       |       |     4 ||     4
 Cast: Dragon Form       |       |       |       |       |    29 ||    29
       Regeneration      |       |       |       |       |     2 ||     2
 Abil: Breathe Fire      |       |       |       |       |     6 ||     6
Evoke: Wand              |       |     2 |    23 |    90 |    50 ||   165
       Box of beasts     |       |       |     4 |     4 |     6 ||    14
       Stone of tremors  |       |       |       |     1 |     2 ||     3
       Deck              |       |       |       |       |    15 ||    15
       Phial of floods   |       |       |       |       |     1 ||     1
  Use: Scroll            |       |    19 |     9 |    16 |    22 ||    66
       Potion            |       |     2 |     2 |     5 |     8 ||    17
 Stab: Sleeping          |     9 |     9 |    23 |    33 |    36 ||   110
       Distracted        |       |     1 |     1 |     3 |     7 ||    12
       Confused          |       |     1 |     8 |    28 |    24 ||    61
       Invisible         |       |       |     6 |       |     4 ||    10
  Eat: Chunk             |     8 |     5 |    11 |    28 |    46 ||    98
       Pizza             |       |       |       |       |     5 ||     5
       Beef jerky        |       |       |       |       |     2 ||     2
       Royal jelly       |       |       |       |       |     1 ||     1
Armor: Skin              |     4 |     3 |     7 |    75 |   205 ||   294
Dodge: Dodged            |    99 |   118 |   172 |   894 |  1339 ||  2622
